 Seeded DCSS version 0.29-a0-643-ga013cefcf8 (webtiles) character file.

Game seed: 10802498693541890562 (custom seed)

531 wilfster70 the Twirler (level 7, -2/48 (52) HPs)
             Began as a Formicid Fighter on June 19, 2022.
             Slain by Duvessa
             ... wielding a +0 short sword of electrocution
              (16 damage)
             ... on level 4 of the Dungeon.
             The game lasted 00:07:44 (4593 turns).

wilfster70 the Twirler (Formicid Fighter)           Turns: 4593, Time: 00:07:45

HP:   -2/48 (52)    AC:  9    Str: 21    XL:     7   Next: 48%
MP:   7/7           EV:  7    Int:  9    God:
Gold: 216           SH: 10    Dex: 13    Spells: 6/6 levels left

rFire   . . .      SeeInvis +   a - +0 quarterstaff
rCold   . . .      Faith    .   c - +0 buckler
rNeg    . . .      Spirit   .   f - +0 chain mail
rPois   .          Reflect  +   (helmet unavailable)
rElec   .          Harm     .   (no cloak)
rCorr   .          Rampage  .   (no gloves)
Will    .....                   (no boots)
Stlth   ..........              e - amulet of reflection
HPRegen 0.16/turn               (no ring)
MPRegen 0.10/turn               (no ring)

@: mighty, drained
A: permanent stasis, dig shafts and tunnels, antennae 3, four strong arms
a: Dig, Shaft Self


You were on level 4 of the Dungeon.
You visited 1 branch of the dungeon, and saw 4 of its levels.
You also visited: Sewer.

You collected 216 gold pieces.

Inventory:

Hand Weapons
 a - a +0 quarterstaff (weapon)
Armour
 c - a +0 buckler (worn)
 f - a +0 chain mail (worn)
Jewellery
 e - an amulet of reflection (around neck)
Scrolls
 g - a scroll of fog {unknown}
 h - 2 scrolls of teleportation {unknown}
 i - 5 scrolls of identify {unknown}
 l - a scroll of brand weapon {unknown}
 m - 2 scrolls of enchant armour {unknown}
 q - a scroll of poison {unknown}
 r - 6 scrolls of fear {unknown}
 s - a scroll of enchant weapon {unknown}
 t - a scroll of magic mapping {unknown}
Potions
 b - a potion of invisibility {unknown}
 j - a potion of berserk rage {unknown}
 k - a potion of haste {unknown}
 n - a potion of flight {unknown}
 o - 2 potions of brilliance {unknown}
 p - a potion of magic {unknown}


   Skills:
 - Level 3.2 Fighting
 + Level 7.7 Staves
 - Level 3.2 Armour
 - Level 4.0 Shields


You had 6 spell levels left.
You didn't know any spells.
Your spell library contained the following spells:

 Spells                   Type           Power      Damage    Failure   Level
 Static Discharge         Conj/Air       0%         N/A       100%        2
 Dispel Undead            Necr           0%         3d6       100%        4
 Sticky Flame             Conj/Fire      0%         2d3       100%        4
 Freezing Cloud           Conj/Ice/Air   0%         6-21      100%        5
 Simulacrum               Ice/Necr       0%         N/A       100%        6
 Polar Vortex             Ice            0%         N/A       100%        9


Dungeon Overview and Level Annotations

Branches:
Dungeon (4/15)              Sewer (visited)
 Temple: D:4-7

Altars:

Annotations:
D:4 2 runed translucent doors, Dowan; Duvessa; Subbak's ghost, amateur TeFE


Innate Abilities, Weirdness & Mutations

You cannot be hasted, slowed, berserked, paralysed or teleported.
You can dig through walls and to a lower floor.
You have a pair of large antennae on your head. (SInv)
Your four strong arms can wield two-handed weapons with a shield.


Message History

You kill the ball python!
The kobold hits you but does no damage.
You see here a ball python corpse.
You hit the kobold.
The kobold is severely wounded.
The kobold hits you but does no damage.
Dowan, Brother of Duvessa comes into view.
He is wielding a +0 dagger.
You hit the kobold.
You kill the kobold!
Duvessa, Sister of Dowan comes into view.
She is wielding a +0 short sword of electrocution.
Things that are here:
a +0 whip; 2 stones; a kobold corpse Dowan casts a spell at Duvessa.
Duvessa seems to speed up.
You see here a ball python corpse.
Duvessa attacks as you move away! You block Duvessa's attack.
Dowan gestures wildly while chanting.
Dowan blinks!
Duvessa gestures with her weapon.
Duvessa hits you with a +0 short sword of electrocution.
You extend your mandibles.
You dig through the rock wall.
You feel drained.
You dig through the rock wall.
You feel drained. Duvessa closely misses you.
Unknown command.
You retract your mandibles.
You barely miss Duvessa.
Duvessa hits you with a +0 short sword of electrocution!
You are electrocuted!
You are too injured to fight recklessly!
You are too injured to fight recklessly!
You feel very mighty all of a sudden.
Duvessa hits you with a +0 short sword of electrocution!
You are too injured to fight recklessly!
You are too injured to fight recklessly!
You are too injured to fight recklessly!
You sock Duvessa!
Duvessa is moderately wounded.
Duvessa hits you with a +0 short sword of electrocution.
* * * LOW HITPOINT WARNING * * *
You are electrocuted!
You die...

.#..##.##<##.# .......
.......)†.##.# .......
...###.##e##.###.......
#. #.##... .......
#.##.##.###....... #
#..{.....<........
#.####..............
#.##e###.##........
#.@## #.##......>. ##.#
#...[..##### .##
#......# ..
....###...#W.# .## ##.#
#...#.8≈. ## #.
#...+.≈.[ # #...+.#≈.
##..#.... ..#≈..


You could see Duvessa (fast).

Vanquished Creatures
  Edmund (D:4)
  Pargi (D:3)
  Terence (D:3)
  3 orc wizards (D:3)
  Robin (D:2)
  7 adders
  4 river rats (Sewer)
  3 worms (D:2)
  2 orcs (D:3)
  8 bats
  10 endoplasms
  6 giant cockroaches
  13 goblins
  5 hobgoblins
  5 jackals
  7 kobolds
  7 quokkas
  11 ball pythons
  16 frilled lizards
  7 rats
118 creatures vanquished.

Vanquished Creatures (others)
  2 plants (D:3)
2 creatures vanquished.

Grand Total: 120 creatures vanquished

Notes
Turn   | Place    | Note
-------+----------+-------------------------------------------
     0 | D:1      | wilfster70 the Formicid Fighter began the quest for the
                  | Orb.
     0 | D:1      | Reached XP level 1. HP: 18/18 MP: 1/1
    65 | D:1      | Identified a scroll of acquirement
    65 | D:1      | Acquired an amulet of reflection
   127 | D:1      | Reached XP level 2. HP: 23/24 MP: 2/2
   202 | D:1      | Reached skill level 3 in Staves
   295 | D:1      | Found Resops's Armour Shop.
   345 | D:1      | Reached XP level 3. HP: 9/29 MP: 3/3
  1374 | D:2      | Reached skill level 4 in Staves
  1374 | D:2      | Reached XP level 4. HP: 35/35 MP: 4/4
  1910 | D:2      | Noticed Robin
  1965 | D:2      | Killed Robin
  2050 | D:2      | Reached XP level 5. HP: 33/37 MP: 5/5
  2432 | D:3      | Noticed Terence
  2451 | D:3      | Killed Terence
  2452 | D:3      | Reached skill level 5 in Staves
  2664 | D:3      | Found a glowing drain.
  2669 | Sewer    | Entered a sewer
  3160 | Sewer    | Reached XP level 6. HP: 38/47 MP: 6/6
  3196 | Sewer    | Reached skill level 6 in Staves
  3741 | D:3      | Found a faded altar of an unknown god.
  3759 | D:3      | Noticed Pargi
  3775 | D:3      | Killed Pargi
  3776 | D:3      | Reached skill level 7 in Staves
  3776 | D:3      | Reached XP level 7. HP: 21/52 MP: 7/7
  4396 | D:4      | Noticed Edmund
  4398 | D:4      | Found a large runed translucent door.
  4399 | D:4      | Found a large runed translucent door.
  4400 | D:4      | Noticed Subbak's ghost (amateur TeFE)
  4418 | D:4      | Killed Edmund
  4579 | D:4      | Noticed Dowan
  4581 | D:4      | Noticed Duvessa
  4593 | D:4      | Slain by Duvessa

Illustrated notes

Levels and vault maps discovered:
D:1:      kilobyte_arrival_exit_the_forest, layout_loops_ring, serial_shops,
          shop
D:2:      layout_basic, uniq_robin
D:3:      layout_loops_corners, hellmonk_ecumenical_altar_pennies_from_heaven,
          gup_sewer_entry_bowl, chequers_serial_rivers_micro_d,
          minmay_lizard_king, uniq_pargi, uniq_terence
D:4:      layout_loops_cross, ebering_ghost_disaster_area, abandoned_shop,
          chequers_serial_rivers_room_b, minmay_misc_feat_doors,
          hangedman_decor_slide_cut, uniq_edmund, uniq_duvessa, uniq_menkaure

Skill      XL: |  1  2  3  4  5  6 |
---------------+-------------------+-----
Staves         | 3 4 5 7 |  7.7
Fighting       | |  3.2
Armour         | |  3.2
Shields        | |  4.0

Action                   |  1- 3 |  4- 6 |  7- 9 || total
-------------------------+-------+-------+-------++-------
Melee: Quarterstaff      |   108 |   257 |    31 ||   396
 Abil: Dig               |       |     2 |     1 ||     3
  Use: Scroll            |     1 |       |       ||     1
       Potion            |       |       |     1 ||     1
 Stab: Distracted        |       |     1 |       ||     1
Armor: Scale mail        |    36 |   133 |       ||   169
       Chain mail        |       |       |     7 ||     7
Dodge: Dodged            |    22 |   125 |     5 ||   152
Block: Buckler           |    58 |   181 |    13 ||   252
       Reflection        |     1 |       |     1 ||     2

Table legend: (Time is in decaauts)
 A = Elapsed time spent in this place.
 B = Non-inter-level travel time spent in this place.
 C = Inter-level travel time spent in this place.
 D = Time resting spent in this place.
 E = Time spent auto-exploring this place.
 F = Levels seen in this place.
 G = Mean time per level.
                   A        B        C        D        E       F      G
               +--------+--------+--------+--------+--------+-----+--------+
         Total |   4738 |   4624 |    114 |   1219 |   1892 |   5 |  947.6 |
       Dungeon |   4086 |   3972 |    114 |   1082 |   1781 |   4 | 1021.5 |
         Sewer |    652 |    652 |      0 |    137 |    111 |   1 |  652.0 |
               +--------+--------+--------+--------+--------+-----+--------+

Top non-repeatable levels by time:
     D:3: 1685 daAuts
     D:1: 1256 daAuts
     D:2: 1068 daAuts
   Sewer: 652 daAuts
     D:4: 75 daAuts
